Map: Disco Bloodbath LE

Players

Anansi - Winner!

  • Race: Zerg Zerg
  • League: Master
  • Spawn Location: 9:00

Cheater 2 (Insane)

  • Race: Terran Terran
  • Spawn Location: 3:00

VOD

Have the link to the VOD?

Description

Time

  • Played on: Oct. 20, 2019, 5:37 a.m.
  • Length: 25:09
Show
View Real Time Build Order
Export as new Build Order

Anansi Zerg - Winner!

Build Orders: Hatch First, Brood Lord Corruptor 

Get SALT Encoding   

  12  0:00  Drone  
  13  0:12  Overlord  
  13  0:16  Drone  
  14  0:31  Drone x2  
  16  0:50  Drone  
  16  0:53  Hatchery  
  16  0:55  Drone  
  16  0:57  Drone  
  18  1:09  Extractor  
  17  1:12  Spawning Pool  
  17  1:15  Drone  
  17  1:18  Drone  
  18  1:28  Drone  
  19  1:40  Drone  
  20  1:49  Drone  
  21  2:01  Zergling x2  
  22  2:04  Queen  
  22  2:05  Queen  
  22  2:06  Zergling x2  
  27  2:11  Hatchery  
  26  2:16  Drone  
  26  2:21  Overlord  
  27  2:26  Metabolic Boost  
  27  2:28  Drone  
  28  2:39  Queen  
  30  2:45  Overlord  
  30  2:48  Drone  
  30  2:49  Drone x2  
  33  2:52  Drone  
  33  2:56  Drone  
  35  3:01  Drone  
  35  3:07  Pneumatized Carapace  
  35  3:21  Drone  
  35  3:22  Overlord x2  
  35  3:24  Queen  
  35  3:25  Queen  
  35  3:26  Drone  
  41  3:29  Drone  
  41  3:31  Drone  
  43  3:34  Drone  
  43  3:35  Drone  
  43  3:38  Drone  
  43  3:40  Drone  
  47  3:44  Drone x2  
  49  3:51  Drone  
  49  3:52  Drone  
  49  3:53  Drone x3  
  54  3:56  Drone x2  
  54  4:00  Lair  
  56  4:08  Drone  
  57  4:16  Extractor  
  56  4:17  Overlord  
  56  4:18  Overlord x2  
  56  4:19  Drone  
  57  4:24  Drone, Baneling Nest  
  57  4:34  Drone  
  57  4:37  Drone x7  
  57  4:38  Drone x3  
  68  4:43  Zergling x2  
  69  4:47  Zergling x2  
  69  4:48  Queen  
  69  4:49  Queen  
  69  4:50  Overlord x2  
  69  4:52  Overlord  
  74  4:53  Zergling x2  
  74  4:59  Zergling x10  
  80  5:06  Centrifical Hooks  
  79  5:11  Drone x4  
  79  5:13  Extractor  
  82  5:14  Extractor  
  82  5:15  Extractor x2  
  82  5:19  Evolution Chamber  
  78  5:22  Evolution Chamber  
  77  5:30  Hatchery  
  76  5:38  Drone x13  
  89  5:46  Zerg Melee Weapons Level 1  
  89  5:47  Zerg Ground Armor Level 1  
  89  5:53  Baneling x3  
  89  5:54  Baneling  
  89  6:01  Zergling x4  
  89  6:02  Zergling x12  
  97  6:09  Baneling  
  97  6:12  Overseer, Baneling x3  
  97  6:20  Drone x9  
  106  6:37  Overlord x5  
  105  6:54  Hydralisk Den  
  105  6:58  Infestation Pit, Drone x2  
  105  6:59  Zergling x18  
  105  7:00  Baneling x17  
  105  7:01  Baneling x4  
  114  7:24  Hydralisk x9, Muscular Augments  
  114  7:26  Drone x7  
  114  7:28  Extractor  
  114  7:29  Extractor  
  137  7:34  Overlord x2  
  137  7:35  Overlord  
  135  7:38  Hive  
  135  7:43  Drone x3  
  135  7:44  Drone x5  
  141  7:45  Overlord x2  
  141  7:46  Overlord  
  143  7:58  Zerg Ground Armor Level 2, Zerg Melee Weapons Level 2  
  143  8:03  Zergling x16  
  143  8:04  Hatchery  
  150  8:08  Drone  
  150  8:10  Zergling x6, Spire  
  153  8:32  Queen x3  
  159  8:37  Zergling x36  
  169  8:58  Drone x18  
  187  9:06  Spore Crawler  
  187  9:07  Spore Crawler, Adrenal Glands  
  187  9:09  Spore Crawler  
  184  9:12  Pathogen Glands  
  184  9:13  Grooved Spines  
  184  9:25  Extractor  
  184  9:27  Extractor  
  184  9:31  Greater Spire, Corruptor x9  
  182  9:37  Baneling x12  
  168  10:08  Neural Parasite  
  168  10:12  Zergling x62  
  181  10:28  Zerg Melee Weapons Level 3, Zerg Ground Armor Level 3  
  181  10:41  Burrow  
  181  10:47  Brood Lord x6, Hatchery  
  181  10:48  Brood Lord  
  194  10:51  Zergling x12  
  200  11:16  Spine Crawler x2  
  200  11:17  Spine Crawler  
  197  11:18  Spore Crawler  
  197  11:19  Spore Crawler  
  197  11:24  Spine Crawler  
  197  11:25  Spine Crawler x2, Spore Crawler x2  
  192  11:26  Spine Crawler  
  192  11:32  Corruptor, Brood Lord x2  
  193  11:33  Corruptor x2  
  193  11:35  Baneling  
  193  11:36  Baneling x26  
  196  12:07  Infestor x6  
  182  12:10  Zergling x36  
  185  12:33  Corruptor x7  
  197  13:05  Corruptor  
  195  13:23  Extractor x2  
  181  13:36  Corruptor x9  
  199  13:48  Spore Crawler  
  198  13:49  Spore Crawler  
  198  13:50  Spore Crawler x3  
  198  13:51  Spore Crawler  
  198  13:52  Spore Crawler x2  
  198  13:54  Spore Crawler  
  186  14:03  Drone x13  
  199  14:11  Zerg Missile Weapons Level 1  
  199  14:12  Zerg Flyer Armor Level 1  
  199  14:16  Infestor  
  198  14:22  Extractor, Hatchery  
  196  14:24  Extractor  
  169  14:49  Infestor x17  
  179  14:56  Corruptor x3  
  179  14:58  Zergling x50  
  179  14:59  Zergling x22  
  191  15:10  Zergling x16  
  199  15:15  Ultralisk Cavern  
  199  15:16  Infestor x7  
  199  15:17  Infestor x10  
  199  15:19  Baneling x22  
  154  16:06  Zerg Flyer Weapons Level 1  
  129  16:13  Corruptor x17  
  129  16:15  Zergling x60  
  191  16:38  Corruptor x4  
  199  16:53  Zerg Missile Weapons Level 2  
  199  16:54  Overseer  
  199  16:55  Overseer x4  
  197  17:10  Baneling x40  
  197  17:16  Spine Crawler x2  
  197  17:17  Spine Crawler  
  197  17:19  Spine Crawler x2, Spore Crawler  
  191  17:26  Brood Lord x3  
  172  17:46  Brood Lord x5  
  182  17:51  Infestor x11  
  182  18:11  Brood Lord x4  
  181  18:34  Hatchery  
  181  18:36  Brood Lord x6  
  162  18:53  Corruptor x4  
  168  19:00  Infestor x2  
  168  19:01  Infestor x2  
  172  19:21  Corruptor x3  
  178  19:28  Spine Crawler, Infestor  
  178  19:29  Infestor x2, Spore Crawler  
  178  19:31  Spine Crawler  
  181  19:36  Infestor  
  181  19:37  Infestor x2  
  187  19:43  Infestor x4  
  187  19:49  Corruptor x3  
  193  20:06  Corruptor x3  
  197  20:13  Infestor x13  
  195  20:25  Corruptor x3  
  195  20:56  Extractor, Overseer  
  192  20:58  Extractor  
  192  20:59  Corruptor x5  
  192  21:03  Spore Crawler x2  
  192  21:04  Spore Crawler x4  
  193  21:05  Brood Lord, Spore Crawler  
  193  21:06  Brood Lord  
  193  21:07  Brood Lord  
  197  21:19  Spine Crawler  
  197  21:20  Spore Crawler x2  
  197  21:21  Spine Crawler x2  
  192  21:39  Overlord x4  
  192  21:58  Brood Lord x2  
  192  21:59  Brood Lord x2  
  200  22:07  Overseer x2  
  200  22:34  Corruptor x2  
  196  24:57  Extractor, Hatchery  
  196  24:59  Extractor  
Show
View Real Time Build Order
Export as new Build Order

Cheater 2 (Insane) Terran 

Build Orders:  

Get SALT Encoding   

  12  0:00  SCV  
  13  0:13  SCV  
  14  0:18  Supply Depot  
  14  0:25  SCV  
  15  0:39  SCV  
  15  0:41  Barracks  
  16  0:51  SCV  
  17  1:03  SCV  
  18  1:05  Supply Depot  
  18  1:10  Refinery  
  18  1:16  SCV  
  19  1:28  SCV  
  19  1:29  Marine  
  21  1:40  SCV  
  21  1:46  Marine  
  23  1:50  Barracks  
  23  1:51  Refinery  
  23  1:52  SCV  
  24  1:54  Supply Depot  
  24  2:04  SCV, Marine  
  24  2:06  Factory  
  26  2:16  SCV  
  26  2:22  Marine  
  28  2:28  SCV  
  29  2:33  Barracks  
  29  2:36  Marine  
  30  2:40  Marine, SCV  
  32  2:52  SCV  
  32  2:53  Starport  
  32  2:54  Marine  
  32  2:55  Supply Depot  
  32  2:58  Marine  
  35  3:04  SCV  
  36  3:12  Barracks Tech Lab  
  36  3:17  SCV, Barracks Tech Lab  
  36  3:19  Supply Depot, Marine  
  38  3:25  Supply Depot  
  38  3:29  SCV  
  38  3:30  Marine  
  38  3:31  Stimpack, Medivac  
  42  3:35  Combat Shield  
  42  3:37  Marine  
  42  3:41  SCV  
  44  3:45  Marauder  
  46  3:49  Marauder  
  46  3:54  Orbital Command  
  46  3:55  Marine  
  49  3:57  Supply Depot  
  49  4:01  Medivac  
  51  4:06  Marine  
  51  4:09  Marine  
  52  4:13  Marine  
  52  4:15  Engineering Bay  
  54  4:21  Engineering Bay  
  54  4:25  Marauder  
  54  4:27  Marine  
  54  4:30  Marine  
  54  4:31  Medivac  
  60  4:32  Command Center  
  60  4:41  Terran Infantry Weapons Level 1  
  60  4:43  Supply Depot  
  60  4:46  Marauder  
  60  4:47  Marauder  
  64  4:53  Concussive Shells  
  64  4:59  Terran Infantry Armor Level 1  
  64  5:01  Medivac  
  64  5:05  Barracks  
  64  5:06  Barracks Reactor  
  66  5:07  Marauder  
  66  5:09  Marauder  
  66  5:11  Supply Depot  
  70  5:18  Hellion  
  72  5:29  Marauder  
  72  5:31  Medivac  
  72  5:33  Marauder  
  72  5:35  Supply Depot  
  78  5:39  Factory Tech Lab  
  78  5:44  SCV x2  
  78  5:45  Missile Turret  
  80  5:50  Marauder  
  80  5:51  Refinery  
  80  5:55  Refinery  
  80  5:56  SCV  
  83  5:57  SCV  
  83  5:58  Hellion  
  83  6:02  Starport Reactor  
  86  6:04  Marauder  
  86  6:06  Missile Turret  
  86  6:08  SCV  
  86  6:09  Missile Turret  
  86  6:10  Orbital Command  
  89  6:12  Marauder, Supply Depot  
  89  6:15  Command Center  
  91  6:19  Hellion  
  91  6:20  SCV  
  94  6:33  SCV  
  94  6:35  SCV  
  94  6:39  Supply Depot  
  96  6:40  Missile Turret  
  96  6:41  Hellion  
  96  6:45  SCV  
  99  6:48  SCV  
  99  6:52  Factory  
  100  6:57  SCV, Starport  
  100  7:00  SCV  
  102  7:02  Hellion, Armory  
  104  7:08  Supply Depot  
  104  7:09  SCV  
  104  7:10  Missile Turret  
  104  7:12  SCV  
  106  7:16  Marauder, Armory  
  106  7:18  Marauder  
  106  7:20  Hi-Sec Auto Tracking  
  106  7:21  SCV  
  111  7:23  Siege Tank  
  111  7:24  SCV  
  111  7:27  SCV  
  116  7:33  SCV  
  116  7:36  Hellion  
  119  7:39  SCV x2  
  119  7:41  Starport Tech Lab, Refinery  
  121  7:45  SCV  
  121  7:50  Terran Vehicle And Ship Armor Level 1, Terran Infantry Weapons Level 2  
  123  7:51  SCV  
  123  7:52  SCV  
  123  7:55  Infernal Pre-Igniter, Siege Tank  
  123  7:57  SCV  
  128  8:00  Supply Depot, Factory Tech Lab, Raven  
  128  8:01  Rapid Reignition System  
  128  8:03  SCV, Terran Vehicle Weapons Level 1  
  128  8:04  Missile Turret  
  128  8:05  SCV  
  132  8:06  Missile Turret  
  132  8:09  SCV  
  133  8:15  SCV  
  133  8:18  Refinery, Siege Tank  
  137  8:21  SCV  
  137  8:22  SCV  
  137  8:23  Supply Depot  
  139  8:27  SCV  
  139  8:28  Hellion  
  139  8:34  SCV  
  143  8:35  Barracks, Barracks Tech Lab, SCV  
  143  8:36  Neosteel Armor  
  143  8:37  Missile Turret  
  143  8:39  SCV  
  141  8:43  Raven  
  141  8:46  SCV  
  144  8:49  Hellion  
  144  8:50  Siege Tank  
  144  8:51  Supply Depot, SCV  
  144  8:52  SCV  
  151  8:55  Marine x2  
  151  8:56  Marine  
  151  8:58  SCV  
  155  9:03  SCV  
  155  9:04  SCV  
  155  9:06  Missile Turret  
  157  9:10  SCV, Widow Mine  
  157  9:15  Supply Depot, SCV  
  157  9:16  SCV  
  162  9:23  Hellion  
  164  9:25  Liberator  
  164  9:28  Orbital Command  
  164  9:32  Hellion, Missile Turret  
  166  9:39  Supply Depot  
  166  9:44  Hellion  
  171  9:48  Terran Vehicle And Ship Armor Level 2  
  171  9:53  Hellion  
  171  9:59  SCV, Medivac  
  171  10:00  SCV x2, Medivac  
  171  10:01  Marauder  
  171  10:02  Marauder, Marine  
  171  10:03  Supply Depot  
  171  10:04  Marine x3  
  171  10:05  Siege Tank  
  134  10:08  Liberator  
  134  10:11  SCV  
  134  10:12  SCV x2  
  119  10:15  Hellion  
  119  10:20  Marine  
  122  10:21  Marine  
  122  10:22  Marauder, Ghost Academy, Marine  
  122  10:24  SCV  
  130  10:29  Viking  
  130  10:30  Medivac  
  130  10:32  Terran Infantry Armor Level 2  
  130  10:33  Terran Vehicle Weapons Level 2, Terran Infantry Weapons Level 3  
  134  10:36  Hellion  
  134  10:37  SCV, Siege Tank  
  134  10:38  SCV  
  134  10:39  SCV  
  134  10:41  Marine  
  143  10:44  Marauder  
  143  10:46  Marauder, Marine  
  143  10:47  Marine  
  143  10:48  Marine  
  143  10:49  SCV  
  151  10:51  SCV x2  
  153  10:57  Hellion  
  153  10:59  Marine  
  153  11:00  Missile Turret  
  153  11:01  SCV  
  153  11:02  Missile Turret  
  153  11:03  SCV  
  153  11:04  Marine x2, SCV  
  158  11:05  Ghost  
  158  11:06  Marine  
  158  11:07  Viking, Marauder  
  158  11:09  Supply Depot  
  158  11:10  Siege Tank  
  171  11:12  Viking  
  171  11:13  Viking, SCV  
  171  11:15  SCV  
  171  11:16  SCV, Marine  
  179  11:18  Cyclone  
  179  11:24  Marauder  
  184  11:25  SCV  
  184  11:28  Ghost, SCV  
  184  11:31  SCV  
  189  11:34  Marauder  
  189  11:37  Viking, SCV  
  194  11:42  Siege Tank  
  194  11:45  Marauder  
  199  11:54  Factory  
  199  11:57  Personal Cloaking  
  199  12:00  Hellion  
  200  12:04  Marauder x2  
  200  12:05  Viking, Marine x3  
  200  12:06  Viking  
  200  12:07  Viking, Marauder  
  155  12:14  Hellion  
  145  12:18  Liberator  
  145  12:22  Hellion, Marine  
  136  12:23  Marine x2  
  136  12:24  Ghost  
  136  12:25  Marauder  
  136  12:28  Marauder  
  141  12:35  Viking, Thor  
  150  12:37  Viking  
  150  12:38  Hellion  
  150  12:40  Marine x2, Factory  
  150  12:41  Marine  
  150  12:43  Hellion  
  159  12:46  Marine  
  159  12:50  Marauder  
  162  12:53  Marine  
  162  12:58  Marine x3  
  162  13:00  Factory Tech Lab  
  162  13:04  Marine, Siege Tank  
  162  13:05  Viking  
  167  13:07  Viking  
  167  13:10  SCV  
  167  13:11  Marauder, SCV, Marine  
  167  13:12  SCV  
  161  13:16  Marine x3  
  161  13:18  Viking, Hellion  
  161  13:19  Widow Mine  
  160  13:21  Ghost  
  160  13:23  Hellion, SCV x2  
  160  13:24  SCV  
  155  13:29  Marauder  
  155  13:32  Marine  
  155  13:34  Marine x3  
  155  13:35  SCV x2, Medivac  
  155  13:36  Cyclone, SCV  
  155  13:37  Viking  
  155  13:39  Thor  
  155  13:40  Hellion  
  176  13:45  Widow Mine  
  176  13:47  SCV  
  179  13:48  Viking  
  179  13:50  Marauder, Marine  
  179  13:51  Marauder  
  179  13:52  Nuke  
  186  14:01  SCV, Widow Mine  
  189  14:03  SCV x2, Command Center, Terran Ship Weapons Level 1  
  189  14:05  Viking, Terran Vehicle And Ship Armor Level 3  
  189  14:06  Hellion, Terran Infantry Armor Level 3  
  189  14:07  Viking  
  189  14:09  Marauder  
  199  14:13  SCV  
  200  14:29  SCV  
  200  14:30  Thor  
  200  14:33  Marauder, SCV x2  
  200  14:36  Marauder, Marine, Liberator  
  200  14:37  Marauder  
  192  14:39  Marine  
  192  14:40  Siege Tank x2  
  192  14:41  Marine  
  192  14:42  SCV, Medivac  
  192  14:43  Missile Turret  
  192  14:45  SCV  
  189  14:47  SCV  
  189  14:49  Missile Turret  
  189  14:50  Widow Mine  
  189  14:52  Liberator  
  174  14:54  SCV, Marine x2  
  174  14:57  Marine  
  174  14:58  Marauder x2, Marine  
  179  15:07  SCV  
  179  15:08  SCV x2  
  179  15:12  Ghost, Widow Mine, Marine  
  179  15:13  Cyclone, Hellion, Siege Tank  
  198  15:15  Marine  
  199  15:24  Planetary Fortress  
  199  15:28  Missile Turret  
  199  15:30  Missile Turret  
  199  15:32  Refinery  
  199  15:33  Command Center  
  199  15:35  Missile Turret  
  199  15:40  Refinery  
  199  15:42  Missile Turret  
  199  15:46  Missile Turret  
  199  15:54  Marauder  
  199  15:56  SCV x3  
  192  15:57  Thor, Marine, Terran Vehicle Weapons Level 3, Liberator  
  192  15:58  Marine x4  
  192  16:01  Hellion x3, SCV  
  192  16:04  Medivac  
  167  16:06  Liberator  
  167  16:08  SCV x2  
  167  16:10  SCV  
  124  16:13  SCV  
  124  16:14  Marine  
  124  16:15  Ghost, Marine  
  124  16:16  Marine x3  
  117  16:20  SCV x2  
  117  16:22  Hellion, Thor, SCV, Cyclone  
  129  16:25  SCV  
  129  16:32  SCV, Marine  
  131  16:33  SCV, Raven, Marine  
  131  16:34  Marauder, Marine, SCV  
  131  16:35  Marauder  
  131  16:38  SCV, Missile Turret  
  143  16:40  Siege Tank  
  143  16:44  Marauder, Widow Mine, SCV  
  143  16:45  SCV  
  143  16:46  SCV  
  154  16:48  Missile Turret  
  154  16:50  SCV, Marine  
  154  16:51  Marine x2, Missile Turret  
  156  16:54  Cyclone, Missile Turret  
  156  16:56  Marauder x2, SCV  
  156  16:57  SCV  
  156  16:58  SCV, Medivac  
  168  17:02  SCV  
  168  17:04  Thor  
  168  17:05  Widow Mine, Marine  
  168  17:07  Missile Turret  
  168  17:08  Marine, SCV  
  178  17:09  Marine  
  178  17:10  SCV, Command Center  
  178  17:11  SCV  
  178  17:12  Cyclone, Marine  
  178  17:14  SCV  
  188  17:16  Ghost, Raven  
  188  17:17  Marauder  
  194  17:24  Marauder  
  194  17:27  Hellion x2  
  198  17:30  Missile Turret  
  198  17:33  SCV  
  198  17:34  SCV  
  198  17:35  SCV  
  198  17:36  SCV  
  196  17:37  Marine  
  196  17:38  Marauder, Marine x2  
  196  17:43  Fusion Core  
  179  17:44  Siege Tank  
  179  17:45  Marauder, SCV  
  179  17:46  Marauder  
  179  17:48  Hellion, Thor, Widow Mine  
  197  17:55  Marine  
  195  18:00  Marauder  
  195  18:06  Marauder, Ghost  
  199  18:24  Planetary Fortress  
  199  18:26  Marauder  
  200  18:29  SCV  
  200  18:30  SCV, Battlecruiser, Terran Ship Weapons Level 2  
  200  18:31  Marauder, SCV  
  200  18:32  Viking  
  200  18:33  Viking, Marine  
  191  18:34  Marine, Command Center  
  191  18:36  Marauder, Siege Tank  
  191  18:37  Marine  
  191  18:40  SCV  
  184  18:43  SCV  
  184  18:46  Hellion  
  184  18:47  Marauder  
  164  18:49  Hellion  
  164  18:50  Marine  
  164  18:52  Marine x2  
  164  18:55  Marine  
  166  18:57  Marauder, SCV  
  166  18:58  Hellion  
  151  19:02  Viking  
  151  19:03  Medivac  
  151  19:07  Hellion  
  151  19:08  Marauder, SCV x3, Cyclone, Marine  
  159  19:10  Widow Mine  
  159  19:11  Marauder  
  159  19:14  Marine, SCV  
  159  19:15  SCV, Marine  
  156  19:19  Marauder, Thor  
  148  19:26  Marine  
  148  19:29  Widow Mine, Marine  
  148  19:31  Cyclone  
  148  19:32  Viking, Marauder, Marine, SCV  
  148  19:33  Viking, Marine  
  148  19:35  Battlecruiser  
  148  19:36  SCV  
  150  19:39  Ghost, SCV x2  
  150  19:41  Widow Mine  
  150  19:42  SCV  
  150  19:44  Marine  
  150  19:45  SCV  
  147  19:46  Planetary Fortress, Liberator  
  147  19:48  Marauder, SCV  
  147  19:49  Marine  
  147  19:50  Hellion  
  147  19:51  Marine, SCV  
  147  19:52  SCV  
  143  19:53  Marauder  
  143  19:57  SCV x2  
  134  20:00  SCV  
  134  20:02  Hellion, Marine, Medivac, Widow Mine  
  134  20:03  Thor, SCV  
  134  20:04  SCV  
  139  20:07  Marine  
  139  20:08  Marauder, Marine  
  139  20:09  SCV x2, Marine  
  139  20:11  Hellion  
  139  20:12  SCV  
  146  20:14  Ghost  
  146  20:17  SCV  
  146  20:20  Marine  
  132  20:23  Fusion Core, Hellion  
  132  20:24  Widow Mine  
  132  20:25  Marine, Refinery  
  132  20:26  Marine  
  132  20:27  Marine  
  132  20:28  Refinery  
  132  20:29  SCV  
  132  20:30  Marauder  
  132  20:32  Viking  
  132  20:33  Hellion  
  134  20:37  SCV, Marine  
  134  20:38  Missile Turret  
  134  20:39  Medivac  
  137  20:43  Marauder, Marine  
  137  20:44  Siege Tank  
  137  20:45  Marauder, Marine, Cyclone  
  137  20:46  Viking, Hellion  
  149  20:51  Marauder  
  149  20:54  Widow Mine  
  149  20:55  Marine  
  137  20:58  Liberator  
  137  20:59  SCV  
  137  21:01  Marine  
  137  21:02  Viking, Marine  
  132  21:04  Marine  
  132  21:06  Marauder, SCV  
  132  21:07  Thor, SCV  
  132  21:08  Raven  
  132  21:09  SCV x2  
  130  21:13  Marauder, Marine  
  130  21:15  Hellion  
  130  21:17  Hellion, Widow Mine  
  137  21:18  Marine  
  137  21:20  Marine  
  137  21:22  Marauder  
  141  21:27  Marine  
  141  21:28  Missile Turret  
  141  21:31  Marine  
  141  21:32  Viking  
  143  21:33  Marine  
  143  21:36  Marine  
  143  21:37  Hellion  
  143  21:38  Thor, Marine, Siege Tank  
  147  21:42  SCV  
  147  21:43  Marine  
  147  21:45  Marauder, SCV x3  
  147  21:46  SCV  
  130  21:49  Marine  
  130  21:50  Thor  
  130  21:51  Viking  
  130  21:52  Marine  
  105  21:54  Marine  
  105  21:55  SCV  
  105  21:56  Marine  
  105  21:57  SCV x2  
  105  21:58  Viking, SCV x2, Widow Mine  
  107  22:01  Marine  
  107  22:02  Viking  
  107  22:05  Missile Turret  
  107  22:06  Marine x2  
  107  22:07  SCV  
  111  22:09  SCV  
  111  22:10  Marauder, SCV, Cyclone  
  111  22:11  SCV  
  111  22:12  Marine  
  111  22:14  Marine  
  109  22:19  SCV, Marine  
  109  22:20  Widow Mine  
  109  22:21  Viking, SCV, Siege Tank  
  109  22:22  SCV  
  109  22:23  Ghost, SCV  
  109  22:24  Marine  
  109  22:28  Viking  
  99  22:30  Marine  
  99  22:31  Marine x2, SCV  
  99  22:32  Medivac  
  99  22:33  SCV  
  99  22:34  SCV  
  99  22:35  SCV  
  93  22:37  Marauder  
  93  22:41  Hellion  
  93  22:42  Marine, Widow Mine  
  93  22:43  SCV  
  96  22:45  SCV  
  96  22:46  SCV  
  96  22:47  SCV, Marine  
  96  22:49  Marauder, Marine  
  86  22:51  Raven  
  86  22:52  Marine  
  86  22:53  Widow Mine  
  86  22:56  SCV  
  82  22:58  Viking  
  82  22:59  Marauder  
  82  23:00  Marine  
  82  23:01  SCV x3  
  82  23:02  Medivac  
  82  23:03  Thor  
  84  23:05  Marine  
  84  23:07  Marine  
  84  23:08  SCV  
  84  23:10  Marine  
  84  23:11  Marauder  
  77  23:13  SCV x2  
  77  23:15  Hellion  
  77  23:18  Marine  
  77  23:19  Marine  
  77  23:20  SCV  
  60  23:27  Marine  
  60  23:28  Viking, Marauder, SCV x2  
  60  23:31  Ghost  
  60  23:32  SCV  
  62  23:34  Battlecruiser  
  62  23:35  Marine  
  62  23:36  Hellion  
  62  23:37  Marine  
  62  23:40  SCV x2  
  65  23:44  SCV  
  65  23:45  Marine  
  65  23:47  Hellion  
  68  23:49  Marine  
  68  23:51  Command Center  
  68  23:52  SCV  
  68  23:53  Marine  
  66  23:56  SCV, Refinery  
  66  23:57  Siege Tank  
  66  24:00  Marine  
  69  24:03  Marine  
  69  24:08  Marauder, Hellion, SCV  
  69  24:09  SCV  
  54  24:11  Marine  
  43  24:18  Marine  
  43  24:20  SCV  
  43  24:21  SCV  
  47  24:29  Marauder, Siege Tank  
  54  24:33  SCV  
  54  24:34  SCV  
  48  24:45  SCV  
  40  24:47  SCV  
  36  24:54  Starport  
  36  24:57  SCV  
Tags
 
Add a new tag
Caveats
  • Supply blocks, unpowered buildings, or Contaminate may cause inaccurate times.
  • Supply counts are checked every 10 seconds.